AoeStats
← Mariov1989

Fortress

510342178Analyzed
1v1 RM · 12h ago on Sep 30, 2026· 41m 3s· 2 players
Game mode
Random Map
Map size
Small (3 player)
Population
200
Speed
Normal
Resources
Standard
Victory
Conquest
Starting age
Dark Age
Ending age
Imperial Age
RankedLock teamsTeams togetherTeam positionsShared explorationLock speedFull tech treeHidden civsTurbo modeCheats
Victory
Defeat
🇪🇸 Turks · Spain
1176
+15
🇺🇸 Varangians · United States
1144
-15
xapyen
7:11 Feudal Age
8:46 Double-Bit Axe
9:30 Loom
11:50 Castle Age
12:41 Bow Saw
12:17 Horse Collar
19:43 Wheelbarrow
20:54 Loom
23:02 Forging
22:58 Scale Barding Armor
28:58 Gold Mining
29:29 Husbandry
37:40 Imperial Age
38:02 Iron Casting
38:23 Hand Cart
37:54 Town Watch
40:27 Chain Barding Armor
Mariov1989
6:23 Loom
8:11 Feudal Age
6:34 Loom
8:19 Feudal Age
10:05 Horse Collar
10:13 Double-Bit Axe
12:58 Castle Age
11:28 Gold Mining
12:56 Town Watch
14:24 Heavy Plow
14:35 Bow Saw
14:53 Padded Archer Armor
16:05 Leather Archer Armor
32:43 Imperial Age
31:10 Town Watch
32:02 Wheelbarrow
34:15 Elite Janissary
36:03 Conscription
38:22 Two-Man Saw
39:35 Gold Shaft Mining
40:25 Ring Archer Armor
Connection lost

Rejoining the realm…

Still unreachable

The connection could not be restored.

Session expired

The server has moved on; the page needs a fresh start.